 Dungeon Crawl Stone Soup version 0.25.1-2-g60ff931df9 (webtiles) character file.

Game seed: 17113800000203804252

2424 raphialitos the Covert (level 9, -7/63 (65) HPs)
             Began as a Vampire Gladiator on Oct 20, 2020.
             Was an Initiate of Gozag.
             Mangled by Joseph
             ... wielding a +2 quarterstaff of speed
              (13 damage)
             ... on level 7 of the Dungeon on Oct 21, 2020.
             The game lasted 00:18:28 (6703 turns).

raphialitos the Covert (Vampire Gladiator)          Turns: 6703, Time: 00:18:29

HP:   -7/63 (65)    AC:  5    Str: 17    XL:     9   Next: 24%
MP:   20/20         EV: 15    Int: 10    God:    Gozag
Gold: 756           SH:  5    Dex: 18    Spells: 4/11 levels left

rFire    . . .     SeeInvis +   a - +4 war axe "Ceetengi" {speed, *Drain MR+++ Str-3 Stlth+}
rCold    . . .     Gourm    .   (no shield)
rNeg     . . .     Faith    .   b - +0 leather armour
rPois    .         Spirit   .   c - +0 helmet
rElec    .         Reflect  +   (no cloak)
rCorr    .         Harm     .   F - +0 pair of gloves
MR       +++..                  (no boots)
Stlth    +++++.....             z - amulet of reflection
HPRegen  0.40/turn              o - ring of magical power
MPRegen  0.17/turn              p - +6 ring of strength

@: regenerating quickly, drained
A: no food, fangs 3, talons 1, see invisible, unbreathing, MP-powered wands
a: Exsanguinate, Potion Petition, Call Merchant, Bribe Branch, Renounce Religion


You were on level 7 of the Dungeon.
You worshipped Gozag.
Gozag was pleased with you.
You were alive.

You visited 1 branch of the dungeon, and saw 7 of its levels.

You collected 1191 gold pieces.
You spent 420 gold pieces at shops.
You paid 15 gold pieces to Gozag.

Inventory:

Hand Weapons
 a - the +4 war axe "Ceetengi" (weapon) {speed, *Drain MR+++ Str-3 Stlth+}
   (You found it on level 7 of the Dungeon)

   Attacks with this weapon are significantly faster.
   It affects your strength (-3).
   It affects your resistance to hostile enchantments.
   It causes draining when unequipped.
   It makes you more stealthy.
 m - a +1 rapier of draining
Missiles
 d - 3 throwing nets (quivered)
 l - 16 poisoned darts
 n - 111 arrows
 q - 56 bolts
 u - 5 boomerangs
 G - 12 sling bullets
Armour
 b - a +0 leather armour (worn)
 c - a +0 helmet (worn)
 F - a +0 pair of gloves (worn)
Magical Staves
 D - an uncursed staff of cold
Jewellery
 i - an uncursed ring of ice
 o - a ring of magical power (left hand)
 p - a +6 ring of strength (right hand)
 y - an uncursed ring of protection from cold
 z - an amulet of reflection (around neck)
Wands
 f - a wand of iceblast (10)
 j - a wand of paralysis (11)
 x - a wand of random effects (14)
Scrolls
 e - a scroll of immolation
 g - 9 scrolls of remove curse
 r - 4 scrolls of amnesia
 t - a scroll of fear
 C - a scroll of identify
Potions
 h - 5 potions of curing
 k - 3 potions of lignification
 s - a potion of flight
 v - a potion of stabbing
 w - a potion of haste
 A - a potion of heal wounds
 B - a potion of ambrosia {unknown}
 E - 2 potions of might {unknown}


   Skills:
 + Level 4.2(3.6) Fighting
 + Level 7.9(7.2) Short Blades
 + Level 1.1(0.5) Axes
 + Level 1.6(1.0) Throwing
 + Level 3.3(2.7) Armour
 + Level 5.9(5.2) Dodging
 * Level 9.7(8.9) Stealth
 + Level 1.6(1.1) Spellcasting
 + Level 1.1(0.5) Conjurations
 + Level 1.1(0.5) Fire Magic


You had 4 spell levels left.
You knew the following spells:

 Your Spells              Type           Power        Failure   Level  Hunger
a - Foxfire               Conj/Fire      #...         32%         1    N/A
b - Conjure Flame         Conj/Fire      #.......     67%         3    N/A
c - Inner Flame           Hex/Fire       #.......     73%         3    N/A

Your spell library contained the following spells:

 Spells                   Type           Power        Failure   Level  Hunger
 Sticky Flame             Conj/Fire      #.......     97%         4    N/A
 Fireball                 Conj/Fire      #.........   100%        5    N/A

Dungeon Overview and Level Annotations

Branches:
Dungeon (7/15)             Temple (0/1) D:6

Altars:
Fedhas
Gozag
Kikubaaqudgha
Okawaru
Sif Muna
Trog
Vehumet

Shops:
D:4 %   D:6 :

Annotations:
D:7 Joseph


Innate Abilities, Weirdness & Mutations

You do not eat.
Your natural rate of healing is unusually fast.
You have razor-sharp teeth.
You have supernaturally acute eyesight. (SInv)
You can survive without breathing.
You have sharp toenails.
You expend magic power (3 MP) to strengthen your wands.


Message History

Joseph is severely wounded.
Joseph hits you with a +2 quarterstaff of speed!
You hit Joseph.
Joseph is severely wounded.
Joseph hits you with a +2 quarterstaff of speed!
* * * LOW HITPOINT WARNING * * *
You hit Joseph. You claw Joseph.
Joseph is severely wounded.
Joseph closely misses you.
Your leather armour prevents you from hitting Joseph.
You claw Joseph.
Joseph is almost dead.
Joseph closely misses you.
Joseph hits you with a +2 quarterstaff of speed.
* * * LOW HITPOINT WARNING * * *
You barely miss Joseph. You bite Joseph, but do no damage.
Joseph is almost dead.
Joseph hits you with a +2 quarterstaff of speed!
You die...
Your body crumbles into a pile of gold.

.##....# #.# .###.### #.#
.# #.# #.#
####.#########.#####
...................#
####.#########.###.# #.#
..........#.# #.#
........#.#.#######
#.###########@#.#.....#
####............@#.#.##.##
#...##############.#.##.#
#..>##### #.#.##.#
#.......# #.#.##.#
##......####### #.#.##.#
##............####.#.##.#
...................#.##.#
###...........######.##.##


You could see Joseph.

Vanquished Creatures
  A hippogriff (D:7)
  Duvessa (D:5)
  An orc warrior (D:6)
  A necrophage (D:6)
  A phantom (D:3)
  A black bear (D:7)
  2 centaurs (D:7)
  2 ogres
  5 bullfrogs
  Dowan (D:5)
  A scorpion (D:7)
  3 howler monkeys
  A crimson imp (D:5)
  A bullfrog zombie (D:5)
  A jelly (D:7)
  A quasit (D:5)
  3 hounds
  2 orc priests
  2 bullfrog skeletons
  A centaur skeleton (D:6)
  An iguana (D:5)
  6 orc wizards
  5 worker ants
  2 worker ant zombies (D:7)
  A howler monkey skeleton (D:4)
  8 adders
  An ooze (D:3)
  3 worms
  A dart slug (D:4)
  7 leopard geckos
  22 orcs
  2 giant cockroaches
  11 hobgoblins
  6 jackals
  4 kobolds
  7 quokkas
  6 bats
  9 frilled lizards
  6 goblins
  A leopard gecko zombie (D:5)
  A quokka skeleton (D:4)
  8 rats
150 creatures vanquished.

Vanquished Creatures (others)
  71 foxfires
71 creatures vanquished.

Grand Total: 221 creatures vanquished

Notes
Turn   | Place    | Note
-------+----------+-------------------------------------------
     0 | D:1      | raphialitos the Vampire Gladiator began the quest for the
                  | Orb.
     0 | D:1      | Reached XP level 1. HP: 16/16 MP: 1/1
   256 | D:1      | Reached XP level 2. HP: 19/22 MP: 2/2
   846 | D:2      | Found an opulent altar of Gozag.
   851 | D:2      | Found a shimmering blue altar of Sif Muna.
   851 | D:2      | Found an ancient bone altar of Kikubaaqudgha.
   851 | D:2      | Found a radiant altar of Vehumet.
   852 | D:2      | Found a bloodstained altar of Trog.
   852 | D:2      | Found an iron altar of Okawaru.
   865 | D:2      | Became a worshipper of Gozag Ym Sagoz the Greedy
   874 | D:2      | Reached skill level 1 in Stealth
   874 | D:2      | Reached XP level 3. HP: 19/27 MP: 3/3
  1410 | D:2      | Reached skill level 2 in Stealth
  1494 | D:2      | Reached XP level 4. HP: 33/33 MP: 4/4
  1842 | D:3      | Noticed a phantom
  1880 | D:3      | Killed a phantom
  1880 | D:3      | Reached skill level 1 in Armour
  1880 | D:3      | Reached skill level 3 in Stealth
  1880 | D:3      | Reached XP level 5. HP: 17/39 MP: 5/5
  2398 | D:3      | Found a blossoming altar of Fedhas.
  2729 | D:3      | Gained mutation: You expend magic power (3 MP) to
                  | strengthen your wands. [potion of mutation]
  2729 | D:3      | Gained mutation: You have sharp toenails. [potion of
                  | mutation]
  2751 | D:4      | Reached skill level 4 in Stealth
  2986 | D:4      | Reached skill level 5 in Short Blades
  2986 | D:4      | Reached XP level 6. HP: 34/46 MP: 6/6
  3159 | D:4      | Reached skill level 5 in Stealth
  3454 | D:4      | Reached XP level 7. HP: 52/52 MP: 7/7
  3556 | D:4      | Found Hilovo's Food Shop.
  3810 | D:5      | Entered Level 5 of the Dungeon
  3858 | D:5      | Found an opulent altar of Gozag.
  3952 | D:5      | Noticed Dowan
  3953 | D:5      | Noticed Duvessa
  3961 | D:5      | Killed Duvessa
  3961 | D:5      | Reached skill level 6 in Stealth
  3967 | D:5      | Killed Dowan
  4138 | D:5      | Reached skill level 5 in Dodging
  4404 | D:5      | Reached skill level 7 in Stealth
  4505 | D:5      | Reached XP level 8. HP: 46/58 MP: 8/8
  4797 | D:6      | Found Qumoestid's Book Shop.
  4805 | D:6      | Bought a book of Flames for 420 gold pieces
  4807 | D:6      | Learned a level 1 spell: Foxfire
  4811 | D:6      | Learned a level 3 spell: Conjure Flame
  4815 | D:6      | Learned a level 3 spell: Inner Flame
  4899 | D:6      | Reached skill level 8 in Stealth
  5133 | D:6      | Found a staircase to the Ecumenical Temple.
  5686 | D:7      | Noticed a hippogriff
  5693 | D:7      | Killed a hippogriff
  5693 | D:7      | Reached skill level 9 in Stealth
  5693 | D:7      | Reached skill level 1 in Spellcasting
  5702 | D:7      | Reached XP level 9. HP: 57/63 MP: 10/10
  5716 | D:7      | Got an ancient war axe
  5716 | D:7      | Identified the +4 war axe "Ceetengi" {speed, *Drain MR+++
                  | Str-3 Stlth+} (You found it on level 7 of the Dungeon)
  6306 | D:7      | Reached skill level 1 in Conjurations
  6306 | D:7      | Reached skill level 1 in Fire Magic
  6393 | D:7      | Reached skill level 1 in Axes
  6692 | D:7      | Noticed Joseph
  6703 | D:7      | Mangled by Joseph

Illustrated notes

Levels and vault maps discovered:
D:1:      lightli_arrival_windingriver, layout_loops_ring
D:2:      layout_loops_corners, grunt_temple_overflow_open
D:3:      layout_basic, fedhas_altar_fruit_tree, lemuel_another_geyser
D:4:      layout_loops_ring, first_ration, serial_shops, shop_coins
D:5:      layout_loops_ring, grunt_gozag_breadcrumbs, uniq_duvessa
D:6:      layout_basic, minmay_temple_entry_statues_fountains, serial_shops,
          nicolae_shop_crystal
D:7:      layout_basic, uniq_joseph

Skill      XL: |  1  2  3  4  5  6  7  8  9 |
---------------+----------------------------+-----
Fighting       | 2 3 4 |  4.2
Stealth        | 1 2 3 4 5 7 9 |  9.7
Short Blades   | 4 5 6 7 |  7.9
Armour         | 1 2 3 |  3.3
Dodging        | 4 5 |  5.9
Spellcasting   | 1 |  1.6
Conjurations   | 1 |  1.1
Fire Magic     | 1 |  1.1
Axes           | 1 |  1.1
Throwing       | |  1.6

Action                   |  1- 3 |  4- 6 |  7- 9 || total
-------------------------+-------+-------+-------++-------
Melee: Rapier            |   128 |   135 |   165 ||   428
       Bite              |     5 |    13 |    31 ||    49
       Kick              |       |    19 |    60 ||    79
       War axe           |       |       |    40 ||    40
 Cast: Foxfire           |       |       |    39 ||    39
  Use: Scroll            |     2 |     4 |     8 ||    14
       Potion            |       |     2 |       ||     2
 Stab: Sleeping          |     5 |     7 |    14 ||    26
       Distracted        |     1 |     1 |     1 ||     3
Armor: Leather armour    |    31 |    34 |    33 ||    98
Dodge: Dodged            |    96 |    92 |   127 ||   315
Block: Other             |       |       |    12 ||    12
       Reflection        |       |       |     1 ||     1
